Workbook

Sheet Activities Budget-Final
B1: Project Name | C1: AANZFTA Non-Tariff Measures (NTM) Stocktaking and Work Plan Development
B4: Activity | C4: Activity Name | D4: Unit | E4: Quantity | F4: Currency | G4: Rate/unit | H4: Total Cost | I4: Total Cost | J4: Total | K4: Remarks
I5: AUD | J5: Per Activity
B7: 1 | C7: Activity 1: Scoping Study on NTM initiatives | J7: =SUM(I8:I10) -> 0
B8: 1.1 | C8: Inception, literature view and metholody, research and data collection | D8: Day | F8: AUD | H8: =E8*G8 -> 0 | I8: =H8/_xlfn.XLOOKUP(F8,Validation!$F$3:$F$12,Validation!$G$3:$G$12,0) -> 0
B9: 1.2 | C9: Develop the outline, draft the study consolidating all findings, finalise the study | D9: Day | F9: AUD | H9: =E9*G9 -> 0 | I9: =H9/_xlfn.XLOOKUP(F9,Validation!$F$3:$F$12,Validation!$G$3:$G$12,0) -> 0
B10: 1.3 | C10: Develop the graphic design for the study | D10: Day | F10: AUD | H10: =E10*G10 -> 0 | I10: =H10/_xlfn.XLOOKUP(F10,Validation!$F$3:$F$12,Validation!$G$3:$G$12,0) -> 0
B13: 2 | C13: Activity 2: Develop Stakeholder Consultation Report | H13: =E13*G14 -> 0 | J13: =SUM(I14:I17) -> 0
B14: 2.1 | C14: Stakeholder consultation with Government and Business stakeholders | D14: Day | F14: AUD | G14: =G8 -> 0 | H14: =E14*G14 -> 0 | I14: =H14/_xlfn.XLOOKUP(F14,Validation!$F$3:$F$12,Validation!$G$3:$G$12,0) -> 0
B15: 2.2 | C15: Develop outline, draft the Consultation Report | D15: Day | F15: AUD | G15: =G8 -> 0 | H15: =E15*G15 -> 0 | I15: =H15/_xlfn.XLOOKUP(F15,Validation!$F$3:$F$12,Validation!$G$3:$G$12,0) -> 0
B16: 2.3 | C16: Conduct further consultation to valide the report | D16: Day | F16: AUD | G16: =G8 -> 0 | H16: =E16*G16 -> 0 | I16: =H16/_xlfn.XLOOKUP(F16,Validation!$F$3:$F$12,Validation!$G$3:$G$12,0) -> 0
B17: 2.4 | C17: Finalise the report | D17: Day | F17: AUD | G17: =G8 -> 0 | H17: =E17*G17 -> 0 | I17: =H17/_xlfn.XLOOKUP(F17,Validation!$F$3:$F$12,Validation!$G$3:$G$12,0) -> 0
B19: 3 | C19: Activity 3: Develop a List of Recommended Activities | H19: =E19*G20 -> 0 | J19: =SUM(I20:I21) -> 0
B20: 3.1 | C20: Develop outline, draft the List | D20: Day | F20: AUD | G20: =G8 -> 0 | H20: =E20*G20 -> 0 | I20: =H20/_xlfn.XLOOKUP(F20,Validation!$F$3:$F$12,Validation!$G$3:$G$12,0) -> 0
B21: 3.2 | C21: Finalise the list | D21: Day | F21: AUD | G21: =G8 -> 0 | H21: =E21*G21 -> 0 | I21: =H21/_xlfn.XLOOKUP(F21,Validation!$F$3:$F$12,Validation!$G$3:$G$12,0) -> 0
B23: 4 | C23: Reporting | J23: =SUM(I24:I25) -> 0
B24: 4.1 | C24: Project Completion Report | D24: Day | F24: AUD | G24: =G8 -> 0 | H24: =E24*G24 -> 0 | I24: =H24/_xlfn.XLOOKUP(F24,Validation!$F$3:$F$12,Validation!$G$3:$G$12,0) -> 0
B26: 5 | C26: Contigency | J26: =SUM(I27:I27) -> 3500
B27: 5.1 | C27: Contigency in Consultant Contract | D27: Lumpsum | E27: 1 | F27: AUD | G27: 3500 | H27: =E27*G27 -> 3500 | I27: =H27/_xlfn.XLOOKUP(F27,Validation!$F$3:$F$12,Validation!$G$3:$G$12,0) -> 3500
I30: Total | J30: =SUM(J6:J27) -> 3500
I31: Roundup | J31: =ROUNDUP(J30,-2) -> 3500

Sheet Validation
A2: EXPENDITURE CATEGORY | B2: EXPENDITURE TYPE | D2: Quantity CATEGORY | F2: Unit Currency | G2: Conversion Rate to AUD
A3: Other Direct Costs | B3: Bank Charges | D3: Pax | F3: AUD | G3: 1
A4: Other Direct Costs | B4: Communications | D4: Person | F4: USD | G4: 0.6546
A5: Other Direct Costs | B5: Courier Services | D5: One way | F5: LAK | G5: 14015
A6: Other Direct Costs | B6: Meetings & Conferences | D6: Return | F6: IDR | G6: 10612
A7: Other Direct Costs | B7: Office Expenses | D7: Lumpsum | F7: VND | G7: 17106
A8: Other Direct Costs | B8: Professional Services | D8: Km | F8: MYR | G8: 2.77
A9: Other Direct Costs | B9: Recruitment | D9: Pieces | F9: SGD | G9: 0.836
A10: Other Direct Costs | B10: Translation Services | D10: Unit | F10: NZD | G10: 1.087
A11: Other Direct Costs | B11: Workshops | D11: Event | F11: THB | G11: 21.26
A12: Other Direct Costs | B12: Utilities | D12: Hour | F12: PHP | G12: 39.12
A13: Subcontractors | B13: Subcontractor-External | D13: Day
A14: Travel | B14: Airfare | D14: Monthly
A15: Travel | B15: Accommodation | D15: Annual
A16: Travel | B16: Local Transportation | D16: Semester
A17: Travel | B17: Overseas Per Diem | D17: Quaterly
A18: Travel | B18: Incidental Travel
A19: Travel | B19: Local Per Diem
A20: Travel | B20: Other Allowance
